 Adventure DCSS version bcrawl-1.27.3 (webtiles) character file.

Game seed: 8214880348725872071

131512 galech the Chopper (level 6, 24/49 HPs)
             Began as a Demonspawn Fighter on Aug 3, 2020.
             Quit the game on level 6 of the Dungeon.
             The game lasted 00:06:13 (4688 turns).

galech the Chopper (Demonspawn Fighter)             Turns: 4688, Time: 00:06:13

Health: 24/49      AC:  8    Str: 16    XL:     6   Next: 33%
Magic:  6/6        EV:  6    Int:  9    God:
Gold:   383        SH:  9    Dex: 16    Spells: 5/5 levels left
                                        Lives:  0   Deaths: 2

rFire    . . .     SeeInvis .   a - +0 war axe
rCold    . . .     Gourm    .   c - +0 medium shield
rNeg     . . .     Faith    .   b - +0 scale mail
rPois    .         Spirit   .   (no helmet)
rElec    +         Reflect  .   (no cloak)
rCorr    .         Harm     .   g - +0 pair of gloves
MR       .....                  (boots unavailable)
Stlth    ..........             (no amulet)
HPRegen  0.16/turn              v - ring of insulation
MPRegen  0.10/turn              x - ring of flight (curse)

@: quite poisoned (24 -> 15)
A: hooves 3, powered by death 1, no potion heal 1
a: Evoke Flight


You were on level 6 of the Dungeon.
You were not hungry.

You visited 1 branch of the dungeon, and saw 6 of its levels.

You collected 383 gold pieces.

Inventory:

Hand Weapons
 a - a +0 war axe (weapon)
Armour
 b - a +0 scale mail (worn)
 c - a +0 medium shield (worn)
 g - a +0 pair of gloves (worn)
 A - a +2 leather armour of cold resistance
Jewellery
 u - the ring of the Sun {Ice *Contam rN+ MR+}
   (You found it on level 4 of the Dungeon)

   [ring of ice]

   It enhances your ice magic.
   It makes you vulnerable to fire.
   It protects you from cold.
   It protects you from negative energy.
   It affects your resistance to hostile enchantments.
   It causes magical contamination when unequipped.
 v - a ring of insulation (left hand)
 x - a cursed ring of flight (right hand)
Wands
 m - a wand of disintegration (4)
 B - a wand of paralysis (15)
Scrolls
 f - a scroll of amnesia {unknown}
 h - a scroll of blinking {unknown}
 i - 2 scrolls of magic mapping {unknown}
 k - a scroll of enchant weapon
 l - 5 scrolls of remove curse
 o - a scroll of enchant armour
 r - 7 scrolls of teleportation
 w - 6 scrolls of identify
 y - a scroll of fog {unknown}
 z - 2 scrolls of immolation {unknown}
 C - a scroll of noise {unknown}
Potions
 d - a potion of flight {unknown}
 j - a potion of haste {unknown}
 n - 3 potions of curing
 p - a potion of cancellation {unknown}
 q - a potion of heal wounds {unknown}
 s - 2 potions of mutation {unknown}
Comestibles
 e - 9 rations {!d}


   Skills:
 + Level 4.5 Fighting
 + Level 6.3 Axes
 + Level 5.1 Armour
 + Level 2.2 Dodging
 + Level 0.3 Stealth
 + Level 4.1 Shields


You had 5 spell levels left.
You didn't know any spells.
Your spell library was empty.

Dungeon Overview and Level Annotations

Branches:
Dungeon (6/12)
 Temple: D:4-7

Altars:
Ashenzari
Dithmenos
Gozag
Ru
Trog
Xom


Innate Abilities, Weirdness & Mutations

You have hooves in place of feet.
You regenerate a little health from kills.
Potions are less effective at restoring your health.


Message History

You are too injured to fight recklessly!
You are too injured to fight recklessly!
You are too injured to fight recklessly!
You are too injured to fight recklessly!
You are too injured to fight recklessly!
You are too injured to fight recklessly!
You are too injured to fight recklessly!
You are too injured to fight recklessly!
You are too injured to fight recklessly!
You are too injured to fight recklessly!
You are too injured to fight recklessly!
You are too injured to fight recklessly!
You are too injured to fight recklessly!
You are too injured to fight recklessly!
You are too injured to fight recklessly!
You are too injured to fight recklessly!
You are too injured to fight recklessly!
Are you sure you want to abandon this character and quit the game? (Confirm with "yes".)
Okay, then.
Are you sure you want to abandon this character and quit the game? (Confirm with "yes".)

###############
######..............
###......# #.....#
)........# #.##..###..##
###.#.##.###.##.@.......
#.#.##.....#...s......
#.#.####.###.#.#.#c.##
#.#.####.# #.#.#.# .#
##.#...##.# #>#.# # #
##...##.##.# #.#.# .
........##.# #.#.# #. .
##...#..##.. .$. #.. ##.
# ##.##..#### ..##.. ...


You could see a centaur and a scorpion.

Vanquished Creatures
  A black bear (D:4)
  A phantom (D:4)
  4 ogres
  A bullfrog (D:6)
  A big kobold (D:6)
  3 hounds
  4 orc priests
  An orc wizard (D:6)
  A centaur skeleton (D:6)
  Terence (D:2)
  5 worker ants
  A hound skeleton (D:4)
  5 adders
  An adder zombie (D:5)
  5 worms
  3 dart slugs (D:2)
  4 leopard geckos
  23 orcs
  6 giant cockroaches
  4 hobgoblins
  5 jackals (D:3)
  12 kobolds
  2 quokkas (D:4)
  3 ball pythons (D:1)
  4 bats
  6 frilled lizards
  3 goblins (D:1)
  A jackal zombie (D:6)
  4 rats
115 creatures vanquished.

Notes
Turn   | Place    | Note
-------+----------+-------------------------------------------
     0 | D:1      | galech the Demonspawn Fighter began the quest for the Orb.
     0 | D:1      | Reached XP level 1. HP: 18/18 MP: 1/1
   262 | D:1      | Gained mutation: You have large cloven feet. [demonic
                  | ancestry]
   262 | D:1      | Reached XP level 2. HP: 24/24 MP: 2/2
   293 | D:1      | Reached skill level 2 in Axes
   972 | D:2      | Reached XP level 3. HP: 27/29 MP: 3/3
  1059 | D:2      | Found a shimmering altar of Xom.
  1107 | D:2      | Found a sacrificial altar of Ru.
  1144 | D:2      | Noticed Terence
  1152 | D:2      | Killed Terence
  1289 | D:2      | Gained mutation: You have hoof-like feet. [demonic
                  | ancestry]
  1289 | D:2      | Reached XP level 4. HP: 35/35 MP: 4/4
  1712 | D:3      | Found a bloodstained altar of Trog.
  1727 | D:3      | Noticed an ogre
  1732 | D:3      | Killed an ogre
  1732 | D:3      | Reached skill level 3 in Axes
  1732 | D:3      | Gained mutation: You have hooves in place of feet. [demonic
                  | ancestry]
  1732 | D:3      | Reached XP level 5. HP: 13/41 MP: 5/5
  2030 | D:3      | Reached skill level 1 in Dodging
  2539 | D:3      | Found a shadowy altar of Dithmenos.
  2555 | D:3      | Reached XP level 6. HP: 36/48 MP: 6/6
  2788 | D:4      | Reached skill level 4 in Axes
  2913 | D:4      | Reached XP level 7. HP: 23/53 MP: 7/7
  3141 | D:3      | Reached skill level 5 in Axes
  3442 | D:4      | Got a crude tin ring
  3443 | D:4      | Identified the ring of the Sun {Ice *Contam rN+ MR+} (You
                  | found it on level 4 of the Dungeon)
  3697 | D:4      | Found an opulent altar of Gozag.
  3697 | D:4      | Found a shattered altar of Ashenzari.
  3702 | D:4      | Found a faded altar of an unknown god.
  3721 | D:4      | Found a faded altar of an unknown god.
  3723 | D:4      | Found a sacrificial altar of Ru.
  3782 | D:5      | Entered Level 5 of the Dungeon
  3793 | D:4      | HP: 1/54 [orc/+0 falchion (4)]
  4023 | D:5      | Noticed a hippogriff
  4024 | D:5      | Noticed a wraith
  4069 | D:6      | Reached skill level 6 in Axes
  4069 | D:6      | Gained mutation: You regenerate a little health from kills.
                  | [demonic ancestry]
  4069 | D:6      | Reached XP level 8. HP: 56/60 MP: 8/8
  4238 | D:6      | Gained mutation: Potions are less effective at restoring
                  | your health. [mutagenic glow]
  4384 | D:6      | Reached skill level 5 in Armour
  4407 | D:6      | Found a shimmering altar of Xom.
  4409 | D:6      | Found a shattered altar of Ashenzari.
  4409 | D:6      | Found an opulent altar of Gozag.
  4428 | D:6      | HP: 1/61 [acid (11)]
  4439 | D:6      | Slain by a jelly
  4440 | D:6      | Reached XP level 7. HP: 0/55 MP: 7/7
  4671 | D:6      | Slain by an ogre
  4672 | D:6      | Reached XP level 6. HP: 0/49 MP: 6/6
  4688 | D:6      | Quit the game

Skill      XL: |  1  2  3  4  5  6  7  8 |
---------------+-------------------------+-----
Axes           | 2 3 4 6 |  6.3
Armour         | 3 4 5 |  5.1
Shields        | 3 4 |  4.1
Dodging        | 1 2 |  2.2
Fighting       | 4 |  4.5
Stealth        | |  0.3

Action                   |  1- 3 |  4- 6 |  7- 9 || total
-------------------------+-------+-------+-------++-------
Melee: War axe           |    82 |   135 |   159 ||   376
       Kick              |    12 |    38 |    45 ||    95
  Use: Potion            |     1 |     1 |     1 ||     3
       Scroll            |       |     1 |     3 ||     4
  Eat: Chunk             |     4 |    10 |    10 ||    24
Armor: Scale mail        |    46 |    80 |    68 ||   194
Dodge: Dodged            |    15 |    37 |    34 ||    86
Block: Medium shield     |    43 |    73 |    76 ||   192
